 Dungeon Crawl Stone Soup version 0.28-a0-407-g69098e2f6d (webtiles) character file.

Game seed: 3402624013859612686

1404 rabbitsville the Basher (level 8, -5/66 (69) HPs)
             Began as a Palentonga Fighter on Aug 31, 2021.
             Slain by Pikel (8 damage)
             ... on level 6 of the Dungeon on Sept 5, 2021.
             The game lasted 00:31:15 (7035 turns).

rabbitsville the Basher (Palentonga Fighter)        Turns: 7035, Time: 00:31:15

HP:   -5/66 (69)    AC: 17    Str: 21    XL:     8   Next: 42%
MP:   8/8           EV:  3    Int: 10    God:
Gold: 296           SH: 13    Dex:  9    Spells: 7/7 levels left

rFire   . . .      SeeInvis +   a - +0 flail
rCold   . . .      Faith    .   c - +0 kite shield
rNeg    . . .      Spirit   .   d - +3 chain mail
rPois   .          Reflect  +   (no helmet)
rElec   .          Harm     .   (no cloak)
rCorr   .          Rampage  .   (no gloves)
Will    +....                   (no barding)
Stlth   ..........              t - amulet of reflection
HPRegen 0.21/turn               (no ring)
MPRegen 0.11/turn               (no ring)

@: mighty, lightly drained, curled up
A: large, rugged brown scales 3, see invisible, deformed body, roll 1, armoured
tail, reflexive curl, strong-willed 1
a: Rolling Charge


You were on level 6 of the Dungeon.
You visited 1 branch of the dungeon, and saw 6 of its levels.

You collected 296 gold pieces.

Inventory:

Hand Weapons
 a - a +0 flail (weapon)
 e - a +0 mace of holy wrath
Missiles
 o - 2 atropa-tipped darts
Armour
 c - a +0 kite shield (worn)
 d - a +3 chain mail (worn)
Jewellery
 r - an amulet of regeneration
 t - an amulet of reflection (around neck)
Wands
 m - a wand of paralysis (6)
Scrolls
 b - a scroll of fear {unknown}
 f - 2 scrolls of silence
 h - a scroll of enchant weapon {unknown}
 i - a scroll of blinking {unknown}
 l - a scroll of magic mapping {unknown}
 n - 2 scrolls of identify
 q - a scroll of immolation {unknown}
Potions
 g - 2 potions of brilliance
 j - a potion of flight


   Skills:
 + Level 6.3 Fighting
 * Level 8.3 Maces & Flails
 - Level 2.4 Armour
 + Level 3.7 Shields


You had 7 spell levels left.
You didn't know any spells.
Your spell library contained the following spells:

 Spells                   Type           Power      Damage    Failure   Level
 Passwall                 Tmut/Erth      0%         N/A       100%        2
 Swiftness                Air            0%         N/A       100%        3
 Invisibility             Hex            0%         N/A       100%        6


Dungeon Overview and Level Annotations

Branches:
Dungeon (6/15)
 Temple: D:4-7

Altars:
Makhleb

Annotations:
D:5 1 runed translucent door, Menkaure; voltaire321's ghost, amateur KoEn
D:6 exclusion: oklob sapling, Pikel


Innate Abilities, Weirdness & Mutations

You are completely covered in rugged brown scales. (AC +3, +7% HP)
You have supernaturally acute eyesight. (SInv)
Armour fits poorly on your strangely shaped body.
You can roll at nearby foes to attack.
You have a long armoured tail.
You curl defensively after being hit.
You are strong-willed. (Will+)


Message History

Pikel hits you with a +0 whip of flaming!
* * * LOW HITPOINT WARNING * * *
Pikel burns you.
* * * LOW HITPOINT WARNING * * *
Pikel hits you but does no damage.
You hit Pikel. You tail-slap Pikel.
Pikel is heavily wounded.
You block Pikel's attack.
You barely miss Pikel.
Pikel is heavily wounded.
Pikel hits you with a +0 whip of flaming.
* * * LOW HITPOINT WARNING * * *
Pikel burns you.
* * * LOW HITPOINT WARNING * * *
Pikel hits you but does no damage.
Press: ? - help, v - describe, . - travel
Here: Pikel, wielding a +0 whip of flaming and wearing a +0 robe (heavily wounded, fast)
The floor.
You feel better.
Pikel hits you with a +0 whip of flaming.
* * * LOW HITPOINT WARNING * * *
Pikel burns you.
* * * LOW HITPOINT WARNING * * *
You feel very mighty all of a sudden. You block Pikel's attack.
Pikel hits you with a +0 whip of flaming!
* * * LOW HITPOINT WARNING * * *
Pikel burns you.
* * * LOW HITPOINT WARNING * * *
You sock Pikel!
Your tail-slap misses Pikel.
Pikel is almost dead.
Pikel hits you with a +0 whip of flaming.
* * * LOW HITPOINT WARNING * * *
Pikel burns you.
* * * LOW HITPOINT WARNING * * *
Pikel hits you but does no damage.
You closely miss Pikel.
Pikel is almost dead.
Pikel hits you with a +0 whip of flaming!
You die...

##############
##.##.[.......#
#...#.#######.#
......# #.#
......# #.#
##.#### #.####
#.# #....# #.#
####@# #+# #K#
######5##
#..5.55.#
#..###..# #
....# .#...#
......# ..
##..#


You could see Pikel (fast) and 3 lemures.

Vanquished Creatures
  Sigmund (D:3)
  A black bear (D:5)
  An ogre (D:5)
  A phantom (D:5)
  A kobold brigand (D:6)
  A bullfrog (D:6)
  2 scorpions
  A water moccasin skeleton (D:4)
  4 wights (D:6)
  A howler monkey (D:5)
  A hound (D:4)
  A centaur skeleton (D:6)
  3 orc priests
  Jessica (D:3)
  Terence (D:2)
  2 iguanas
  A killer bee zombie (D:6)
  Robin (D:3)
  4 gnolls (D:4)
  7 adders
  2 ufetubi
  2 worms
  4 dart slugs
  22 orcs
  7 bats
  3 endoplasms
  15 goblins
  5 hobgoblins
  3 jackals (D:1)
  3 quokkas
  8 ball pythons
  2 frilled lizards
  14 kobolds
  5 rats
  A bush (D:1)
132 creatures vanquished.

Vanquished Creatures (others)
  8 plants
8 creatures vanquished.

Grand Total: 140 creatures vanquished

Notes
Turn   | Place    | Note
-------+----------+-------------------------------------------
     0 | D:1      | rabbitsville the Palentonga Fighter began the quest for the
                  | Orb.
     0 | D:1      | Reached XP level 1. HP: 19/19 MP: 1/1
   115 | D:1      | Reached XP level 2. HP: 8/25 MP: 2/2
   447 | D:1      | Found a faded altar of an unknown god.
  1317 | D:1      | Reached skill level 3 in Maces & Flails
  1508 | D:2      | Reached XP level 3. HP: 31/31 MP: 3/3
  1969 | D:2      | Noticed Terence
  1976 | D:2      | Killed Terence
  1977 | D:2      | Reached skill level 4 in Maces & Flails
  1977 | D:2      | Reached XP level 4. HP: 31/39 MP: 4/4
  2906 | D:3      | Noticed Sigmund
  2927 | D:3      | Killed Sigmund
  2928 | D:3      | Reached skill level 5 in Maces & Flails
  2928 | D:3      | Reached XP level 5. HP: 37/46 MP: 5/5
  2928 | D:3      | Reached XP level 6. HP: 42/52 MP: 6/6
  3038 | D:3      | Noticed Robin
  3043 | D:3      | Noticed Jessica
  3048 | D:3      | Killed Robin
  3052 | D:3      | Killed Jessica
  3272 | D:3      | Found a burning altar of Makhleb.
  3272 | D:3      | Noticed a green death
  3276 | D:3      | Noticed a smoke demon
  3276 | D:3      | Noticed an orange demon
  3300 | D:3      | Upgraded the game from 0.28-a0-313-gbc0475efdd to
                  | 0.28-a0-381-g937acc2988
  3708 | D:4      | Reached skill level 5 in Fighting
  3708 | D:4      | Reached skill level 6 in Maces & Flails
  4052 | D:4      | Gained mutation: You curl defensively after being hit.
                  | [Palentonga growth]
  4052 | D:4      | Reached XP level 7. HP: 22/59 MP: 7/7
  4653 | D:5      | Entered Level 5 of the Dungeon
  4965 | D:5      | Reached skill level 7 in Maces & Flails
  5780 | D:5      | Noticed Menkaure
  5797 | D:5      | Reached XP level 8. HP: 52/68 MP: 8/8
  5830 | D:4      | Gained mutation: You are strong-willed. (Will+) [potion of
                  | mutation]
  5830 | D:4      | HP: 3/68 [ufetubus (2)]
  5842 | D:4      | HP: 3/68 [hound (2)]
  5882 | D:4      | HP: 2/68 [hound (5)]
  6263 | D:5      | Found a runed translucent door.
  6264 | D:5      | Noticed voltaire321's ghost (amateur KoEn)
  6338 | D:6      | Upgraded the game from 0.28-a0-381-g937acc2988 to
                  | 0.28-a0-407-g69098e2f6d
  6572 | D:6      | Reached skill level 8 in Maces & Flails
  7001 | D:6      | Noticed Pikel
  7034 | D:6      | HP: 3/66 [Pikel (4)]
  7035 | D:6      | Slain by Pikel

Illustrated notes

Levels and vault maps discovered:
D:1:      lightli_arrival_flooded_house, layout_basic, serial_forest,
          infiniplex_forest_lined_corner, infiniplex_forest_lined_3,
          infiniplex_forest_zigzag_2, infiniplex_forest_lined_2,
          infiniplex_forest_lined_room_2, infiniplex_forest_straight_3,
          infiniplex_forest_clump_small, infiniplex_forest_end_3,
          infiniplex_forest_straight_3, basic_ecumenical_altar
D:2:      layout_basic, uniq_terence, uniq_crazy_yiuf_cottage
D:3:      kennysheep_big_flooded_room, layout_rooms, makhleb_altar_promises_db,
          uniq_sigmund, uniq_robin, uniq_jessica
D:4:      layout_cave_pools, hangedman_decor_push
D:5:      minmay_octagon_keep, layout_rooms, gammafunk_ghost_grave,
          chequers_serial_rivers_large_b, uniq_menkaure
D:6:      layout_loops_corners, minmay_temple_entry_oklob, grunt_tough_drop,
          uniq_pikel

Skill      XL: |  1  2  3  4  5  6  7  8 |
---------------+-------------------------+-----
Maces & Flails | 3 4 5 6 7 8 |  8.3
Fighting       | 4 5 6 |  6.3
Shields        | 3 |  3.7
Armour         | |  2.4

Action                   |  1- 3 |  4- 6 |  7- 9 || total
-------------------------+-------+-------+-------++-------
Melee: Flail             |   172 |   169 |   221 ||   562
       Tailslap          |    35 |    19 |    31 ||    85
 Abil: Rolling Charge    |       |       |     5 ||     5
  Use: Potion            |     1 |       |    10 ||    11
       Scroll            |       |     3 |       ||     3
Armor: Scale mail        |    43 |     1 |       ||    44
       Chain mail        |       |   112 |   157 ||   269
Dodge: Dodged            |    30 |    23 |    40 ||    93
Block: Kite shield       |    53 |    80 |   223 ||   356
       Reflection        |       |       |     1 ||     1

Table legend: (Time is in decaauts)
 A = Elapsed time spent in this place.
 B = Non-inter-level travel time spent in this place.
 C = Inter-level travel time spent in this place.
 D = Time resting spent in this place.
 E = Time spent auto-exploring this place.
 F = Levels seen in this place.
 G = Mean time per level.
                   A        B        C        D        E       F      G
               +--------+--------+--------+--------+--------+-----+--------+
         Total |   7258 |   7153 |    105 |   1709 |   2985 |   6 | 1209.7 |
       Dungeon |   7258 |   7153 |    105 |   1709 |   2985 |   6 | 1209.7 |
               +--------+--------+--------+--------+--------+-----+--------+

Top non-repeatable levels by time:
     D:2: 1619 daAuts
     D:4: 1454 daAuts
     D:1: 1376 daAuts
     D:5: 1112 daAuts
     D:3: 945 daAuts
     D:6: 749 daAuts
